Map: Rojo amanecer EJ

Players

VortiX

  • Race: Zerg Zerg
  • Spawn Location: 11:00

Clem - Winner!

  • Race: Terran Terran
  • Spawn Location: 7:00

Event: WCS Valencia 2018

VOD

Have the link to the VOD?

Description

Time

  • Played on: July 12, 2018, 10:16 a.m.
  • Length: 12:39

All games in this series

Show
View Real Time Build Order
Export as new Build Order

VortiX Zerg 

Build Orders: Pool First, Muta Ling Bane 

Get SALT Encoding   

  12  0:00  Drone  
  13  0:11  Overlord  
  13  0:16  Drone  
  14  0:30  Drone x2  
  16  0:40  Spawning Pool  
  15  0:43  Drone  
  15  0:46  Drone  
  17  0:55  Drone  
  18  1:12  Hatchery  
  18  1:16  Extractor  
  16  1:27  Zergling x4  
  16  1:28  Zergling x2  
  16  1:30  Queen  
  21  1:37  Overlord  
  21  1:52  Drone  
  22  2:00  Drone  
  23  2:06  Queen  
  25  2:10  Drone  
  25  2:27  Drone x2  
  26  2:33  Queen  
  26  2:34  Drone x2  
  30  2:38  Metabolic Boost  
  30  2:42  Drone x3  
  32  2:58  Hatchery  
  32  3:03  Overlord  
  31  3:05  Drone  
  31  3:09  Drone  
  31  3:11  Drone  
  31  3:12  Drone  
  35  3:17  Overlord  
  35  3:19  Drone  
  36  3:26  Queen  
  39  3:27  Zergling x2  
  39  3:30  Zergling x2  
  39  3:33  Zergling x4  
  42  3:36  Zergling x2  
  42  3:39  Zergling x2  
  42  3:40  Zergling x2  
  45  3:43  Overlord  
  45  3:47  Drone x3  
  48  3:50  Drone  
  48  3:51  Drone  
  50  3:55  Overlord  
  50  4:00  Zergling x2  
  51  4:03  Drone x2  
  53  4:10  Queen  
  53  4:11  Drone  
  53  4:14  Drone x2  
  58  4:17  Overlord  
  58  4:19  Zergling x4  
  58  4:23  Zergling x2  
  61  4:26  Zergling x4  
  55  4:41  Zergling x6  
  53  4:50  Drone  
  53  4:51  Drone x4  
  56  4:55  Drone  
  55  5:02  Lair  
  55  5:05  Extractor, Queen  
  55  5:06  Extractor, Drone x2  
  55  5:07  Extractor, Drone  
  58  5:08  Queen  
  58  5:13  Drone x2  
  59  5:19  Zergling x4  
  58  5:24  Drone  
  57  5:29  Zergling x2, Drone x2  
  57  5:31  Spine Crawler  
  57  5:34  Drone x3  
  62  5:41  Queen  
  62  5:42  Drone x3  
  64  5:52  Drone x2  
  64  5:54  Overlord  
  65  5:58  Drone  
  65  6:03  Spire  
  65  6:09  Overlord, Drone x3  
  65  6:10  Drone  
  69  6:16  Overlord  
  69  6:18  Overlord  
  69  6:23  Drone  
  69  6:24  Drone x2  
  69  6:25  Drone x3  
  75  6:27  Baneling Nest  
  75  6:31  Drone x3  
  77  6:33  Overlord  
  77  6:39  Extractor, Drone x3  
  79  6:40  Extractor, Zergling x2  
  79  6:45  Zergling x2, Evolution Chamber  
  79  6:46  Zergling x2  
  79  6:47  Evolution Chamber  
  79  6:57  Drone x2  
  79  6:59  Drone x5  
  86  7:07  Zergling x6  
  89  7:10  Baneling  
  89  7:11  Baneling x5  
  89  7:12  Zergling x2  
  89  7:13  Zergling x8  
  89  7:15  Zergling x2  
  94  7:24  Mutalisk  
  94  7:25  Mutalisk  
  95  7:31  Mutalisk x5  
  95  7:33  Mutalisk  
  105  7:39  Mutalisk x2  
  105  7:42  Zerg Melee Weapons Level 1  
  105  7:44  Overlord  
  109  7:47  Drone  
  109  7:49  Centrifical Hooks  
  110  7:56  Zerg Ground Armor Level 1  
  110  7:57  Baneling x2  
  110  8:07  Mutalisk  
  110  8:09  Overlord x2, Zergling x2  
  110  8:10  Zergling x16  
  120  8:13  Zergling x2  
  120  8:16  Overlord x2  
  120  8:18  Baneling x3  
  121  8:25  Zergling x4  
  121  8:27  Baneling  
  121  8:28  Baneling x6  
  121  8:30  Zergling x10  
  121  8:31  Zergling x2  
  127  8:37  Zergling x6  
  127  8:38  Baneling  
  127  8:39  Baneling x3  
  127  8:40  Mutalisk  
  127  8:41  Mutalisk  
  130  8:44  Mutalisk  
  134  8:52  Mutalisk, Hatchery  
  135  8:58  Mutalisk  
  136  9:10  Zergling x20  
  136  9:15  Mutalisk x3  
  151  9:17  Baneling x2  
  151  9:19  Overlord  
  151  9:21  Overlord x2  
  145  9:43  Zergling x16  
  145  9:44  Zergling x8  
  154  9:48  Baneling  
  154  9:49  Baneling x9  
  154  9:56  Zergling x2  
  154  9:57  Zergling x4  
  154  9:58  Zerg Melee Weapons Level 2  
  156  10:01  Zerg Ground Armor Level 2, Infestation Pit  
  153  10:08  Zergling x6  
  153  10:09  Queen  
  158  10:16  Mutalisk x2  
  158  10:18  Baneling  
  158  10:19  Baneling x2  
  158  10:20  Baneling  
  158  10:21  Zergling x12  
  165  10:22  Zergling x2  
  165  10:25  Baneling  
  165  10:26  Baneling x3  
  165  10:28  Zergling x8  
  173  10:32  Drone x3  
  176  10:37  Hive  
  176  10:47  Baneling x5  
  176  10:48  Zergling x14  
  183  10:57  Zergling x2  
  183  10:59  Overlord x2  
  184  11:12  Baneling  
  184  11:13  Baneling x7  
  180  11:21  Zergling x2  
  180  11:22  Zergling x18  
  188  11:27  Zergling x2  
  188  11:28  Zergling x4  
  188  11:29  Baneling  
  188  11:30  Baneling x5  
  119  11:50  Zergling x26  
  119  11:51  Zergling x4  
  102  11:55  Zergling x2  
  102  11:58  Baneling  
  102  11:59  Baneling x9  
  102  12:00  Extractor  
  102  12:01  Extractor  
  102  12:03  Drone x3  
  102  12:05  Drone  
  105  12:08  Drone x2  
  105  12:10  Hatchery  
  110  12:21  Baneling x6  
Show
View Real Time Build Order
Export as new Build Order

Clem Terran - Winner!

Build Orders: Gas First Reaper Expand, Liberator Opening, Reaper Expand, MMM Bio 

Get SALT Encoding   

  12  0:00  SCV  
  13  0:13  SCV  
  14  0:16  Supply Depot  
  14  0:25  SCV  
  15  0:34  Refinery  
  15  0:38  SCV  
  16  0:43  Barracks  
  16  0:50  SCV  
  17  1:02  SCV  
  18  1:14  SCV  
  19  1:30  Reaper, Orbital Command  
  20  1:41  Command Center  
  20  1:53  Factory  
  20  1:57  SCV  
  21  2:04  Supply Depot  
  21  2:11  SCV, Barracks Reactor  
  21  2:17  Refinery  
  21  2:23  SCV  
  22  2:35  SCV  
  23  2:44  Starport  
  23  2:47  SCV  
  24  2:51  Hellion  
  24  2:53  Hellion  
  24  2:57  Barracks Tech Lab  
  28  2:59  Orbital Command  
  28  3:01  SCV  
  28  3:02  Marine  
  30  3:13  Hellion  
  30  3:14  Hellion  
  30  3:17  SCV  
  35  3:26  Supply Depot  
  36  3:27  Medivac  
  36  3:28  Marine  
  38  3:34  Armory  
  38  3:39  Hellion  
  39  3:43  Hellion  
  39  3:46  Liberator, Marine  
  42  3:48  SCV  
  42  3:49  SCV  
  42  3:55  Supply Depot  
  44  4:00  SCV  
  44  4:01  SCV  
  46  4:09  Hellion  
  51  4:13  Hellion  
  51  4:14  Barracks Tech Lab  
  53  4:17  SCV  
  53  4:23  Supply Depot  
  53  4:24  SCV  
  55  4:29  SCV  
  56  4:36  SCV  
  57  4:41  SCV  
  57  4:43  Marine  
  59  4:45  Hellion x2  
  59  4:48  SCV  
  59  4:50  Barracks x2  
  54  4:53  SCV  
  53  5:00  SCV  
  53  5:01  Marine  
  53  5:02  Stimpack, Starport Reactor  
  53  5:05  SCV  
  54  5:10  Hellion x2  
  54  5:12  SCV  
  54  5:13  Engineering Bay  
  55  5:16  Engineering Bay  
  55  5:18  Factory Reactor, SCV  
  55  5:19  Marine  
  57  5:24  SCV  
  56  5:30  SCV  
  56  5:34  Refinery  
  56  5:35  Refinery  
  55  5:36  SCV  
  55  5:37  Marine  
  55  5:42  SCV  
  58  5:47  Terran Infantry Weapons Level 1  
  58  5:48  SCV, Starport Reactor  
  58  5:49  Terran Infantry Armor Level 1  
  59  5:51  Marine  
  59  5:54  SCV, Marine  
  59  5:55  Marine x3  
  61  5:58  Supply Depot  
  61  6:00  SCV  
  62  6:06  SCV  
  62  6:08  Marine  
  64  6:12  Marine  
  64  6:13  SCV  
  64  6:14  Supply Depot, Factory Tech Lab  
  64  6:18  Medivac x2  
  68  6:19  Marine x2  
  68  6:20  Command Center  
  72  6:26  Supply Depot, SCV x2  
  72  6:29  Marine x2  
  76  6:37  Barracks  
  76  6:38  Barracks  
  76  6:40  Siege Tank  
  76  6:42  Marine x2  
  76  6:43  Marine  
  82  6:47  Marine  
  82  6:50  Supply Depot  
  83  6:54  Marine  
  83  6:58  Supply Depot  
  83  7:00  SCV x2, Marine x2  
  88  7:02  Combat Shields  
  88  7:04  Marine  
  88  7:05  Marine  
  90  7:10  Medivac x2  
  90  7:12  Marine  
  95  7:16  Supply Depot  
  95  7:18  Marine  
  95  7:21  Siege Tank  
  99  7:24  SCV  
  99  7:25  Supply Depot, SCV, Marine  
  102  7:31  Marine  
  102  7:35  Barracks Reactor x2  
  98  7:40  Medivac  
  98  7:41  Supply Depot, Terran Vehicle Weapons Level 1  
  98  7:42  Orbital Command  
  100  7:51  Marine x3  
  101  7:52  Medivac  
  101  7:53  Terran Infantry Weapons Level 2  
  101  7:55  SCV x2  
  107  8:06  Missile Turret, Marine  
  107  8:10  Missile Turret  
  107  8:11  Factory  
  107  8:12  SCV, Marine x3  
  111  8:14  Missile Turret  
  111  8:18  SCV x2  
  111  8:19  Refinery x2  
  113  8:25  Medivac  
  72  8:27  Medivac, Marine x2  
  118  8:29  Thor  
  118  8:30  SCV  
  118  8:31  SCV  
  118  8:32  Marine  
  127  8:35  SCV  
  127  8:36  Marine x3  
  127  8:40  Marine x2  
  131  8:43  Liberator, SCV  
  131  8:45  SCV  
  132  8:50  Marine x2  
  132  8:51  Marine x2, Terran Infantry Armor Level 2  
  132  8:54  Marine  
  137  8:56  Factory Tech Lab  
  137  8:57  Missile Turret  
  139  9:07  Marine x3  
  139  9:09  SCV  
  139  9:11  SCV x2, Marine  
  139  9:12  Marine x2  
  144  9:18  Siege Tank  
  147  9:28  Supply Depot  
  147  9:32  Supply Depot, Marine x2  
  147  9:36  Marine  
  147  9:38  Thor  
  149  9:41  Marine  
  149  9:42  Marine x5  
  142  9:50  Marine  
  142  9:52  Command Center, Marine  
  144  9:58  Marine  
  144  9:59  Marine  
  146  10:01  Marine x2  
  147  10:08  Marine x4  
  147  10:10  Siege Tank  
  147  10:12  Supply Depot  
  154  10:16  Concussive Shells  
  154  10:18  Marine  
  154  10:19  Liberator  
  154  10:21  Terran Vehicle Weapons Level 2  
  155  10:24  Liberator, Marine  
  155  10:27  Marine, Marauder  
  159  10:28  Marine  
  159  10:34  Siege Tank  
  169  10:47  Supply Depot  
  169  10:48  Marine x3, Marauder  
  169  10:49  Marine  
  173  11:04  Marine, Siege Tank  
  173  11:08  Liberator  
  173  11:09  Marauder  
  179  11:12  Supply Depot  
  179  11:13  Supply Depot, Missile Turret  
  179  11:17  Marine x2  
  184  11:27  Supply Depot  
  184  11:29  Planetary Fortress  
  184  11:34  Siege Tank  
  184  11:37  Missile Turret  
  184  11:38  Missile Turret  
  177  11:45  Siege Tank  
  177  11:46  Marauder  
  146  11:47  Marine  
  146  11:48  Marine  
  146  11:51  Marine  
  146  11:54  SCV  
  134  12:02  Marine x4  
  134  12:06  Siege Tank  
  141  12:11  Barracks  
  141  12:12  SCV, Barracks x2  
  141  12:14  Marine  
Tags
 
Add a new tag
Caveats
  • Supply blocks, unpowered buildings, or Contaminate may cause inaccurate times.
  • Supply counts are checked every 10 seconds.